2318 views
Uploaded 2021-10-15 10:15:42
Game version 1.32.10
25:31 long 3on3 ladder game on (6)Monsoon_LV
Saved by xzz
2318 views
Uploaded 2021-10-15 10:15:42
Game version 1.32.10
25:31 long 3on3 ladder game on (6)Monsoon_LV


128 units @ 19.2k
/ 2.7k
55 buildings @ 7.7k
/ 3.4k


| Rod of Necromancy | 7 | 1050 |
| Potion of Healing | 1 | 150 |
| Orb of Corruption | 1 | 375 |
| Scroll of Town Portal | 3 | 1050 |
| Scroll of Healing | 1 | 250 |
| total: | 13 | 2875g |
| Acolyte | 8 | 600 | / | 0 |
| Ghoul | 3 | 360 | / | 0 |
| Crypt Fiend | 16 | 3440 | / | 640 |
| Obsidian Statue | 2 | 400 | / | 70 |
| Abomination | 5 | 1200 | / | 350 |
| total: | 34 | 6000g | / | 1060w |
| Spirit Tower | 2 | 290 | / | 80 |
| Ziggurat | 8 | 1200 | / | 400 |
| Altar of Darkness | 1 | 180 | / | 50 |
| Crypt | 1 | 200 | / | 50 |
| Graveyard | 1 | 215 | / | 0 |
| Tomb of Relics | 1 | 130 | / | 30 |
| Necropolis | 1 | 225 | / | 0 |
| Slaughterhouse | 2 | 280 | / | 270 |
| Halls of the Dead | 2 | 640 | / | 420 |
| Black Citadel | 2 | 650 | / | 460 |
| total: | 15 | 2430g | / | 800w |
| 0:02 | Acolyte |
| 0:03 | Acolyte |
| 0:07 | Ziggurat |
| 0:10 | Altar of Darkness |
| 0:34 | Crypt |
| 0:57 | Graveyard |
| 1:11 | Tomb of Relics |
| 1:35 | Ghoul |
| 1:35 | Ghoul |
| 1:39 | Ziggurat |
| 1:51 | Ghoul |
| 2:10 | Death Coil |
| 2:15 | Rod of Necromancy |
| 2:16 | Rod of Necromancy |
| 2:33 | Crypt Fiend |
| 2:52 | Crypt Fiend |
| 2:52 | Crypt Fiend |
| 3:18 | Crypt Fiend |
| 3:18 | Crypt Fiend |
| 3:36 | Crypt Fiend |
| 3:37 | Crypt Fiend |
| 3:53 | Unholy Aura |
| 4:02 | Halls of the Dead |
| 4:08 | Rod of Necromancy |
| 4:08 | Rod of Necromancy |
| 4:24 | Ziggurat |
| 5:09 | Ziggurat |
| 5:23 | Crypt Fiend |
| 5:23 | Crypt Fiend |
| 5:41 | Death Coil |
| 6:36 | Scroll of Town Portal |
| 6:42 | Slaughterhouse |
| 7:29 | Unholy Aura |
| 7:46 | Acolyte |
| 7:48 | Rod of Necromancy |
| 7:48 | Rod of Necromancy |
| 7:51 | Frost Nova |
| 7:53 | Obsidian Statue |
| 7:53 | Obsidian Statue |
| 8:30 | Necropolis |
| 9:21 | Black Citadel |
| 9:25 | Slaughterhouse |
| 10:05 | Dark Ritual |
| 10:26 | Acolyte |
| 10:26 | Acolyte |
| 10:26 | Acolyte |
| 10:27 | Acolyte |
| 10:33 | Unholy Armor |
| 10:33 | Improved Unholy Armor |
| 10:34 | Creature Attack |
| 10:34 | Improved Creature Attack |
| 12:11 | Disease Cloud |
| 12:12 | Abomination |
| 12:12 | Abomination |
| 12:14 | Crypt Fiend |
| 12:21 | Scroll of Town Portal |
| 12:22 | Potion of Healing |
| 12:37 | Scroll of Healing |
| 12:52 | Rod of Necromancy |
| 13:04 | Acolyte |
| 13:11 | Ziggurat |
| 13:12 | Ziggurat |
| 13:16 | Ziggurat |
| 13:31 | Web |
| 13:55 | Frost Nova |
| 14:34 | Death Coil |
| 15:44 | Abomination |
| 15:44 | Abomination |
| 15:49 | Scroll of Town Portal |
| 15:50 | Orb of Corruption |
| 16:02 | Crypt Fiend |
| 16:02 | Crypt Fiend |
| 16:05 | Spirit Tower |
| 16:18 | Abomination |
| 16:32 | Crypt Fiend |
| 17:14 | Advanced Creature Attack |
| 17:16 | Unholy Strength |
| 17:40 | Crypt Fiend |
| 17:40 | Crypt Fiend |
| 17:50 | Ziggurat |
| 18:06 | Crypt Fiend |
| 18:54 | Dark Ritual |
| Right click | 827 |
| Select | 475 |
| Select group | 355 |
| Misc. action | 314 |
| Build/train/purchase | 111 |
| Use ability | 40 |
| Assign group | 21 |
| Esc | 16 |
| Resource trade | 4 |
| Item give/drop | 3 |

| Lesser Clarity Potion | 1 | 70 |
| Potion of Mana | 2 | 400 |
| Scroll of Regeneration | 1 | 100 |
| Orb of Fire | 1 | 325 |
| Potion of Healing | 2 | 300 |
| Scroll of Town Portal | 3 | 1050 |
| total: | 10 | 2245g |
| Peasant | 14 | 1050 | / | 0 |
| Rifleman | 14 | 2870 | / | 420 |
| Knight | 2 | 490 | / | 120 |
| Gryphon Rider | 4 | 1120 | / | 280 |
| total: | 34 | 5530g | / | 820w |
| Scout Tower | 7 | 210 | / | 140 |
| Guard Tower | 6 | 420 | / | 300 |
| Blacksmith | 1 | 140 | / | 60 |
| Barracks | 1 | 160 | / | 60 |
| Farm | 7 | 560 | / | 140 |
| Lumber Mill | 1 | 120 | / | 0 |
| Altar of Kings | 1 | 180 | / | 50 |
| Town Hall | 1 | 385 | / | 205 |
| Arcane Vault | 1 | 130 | / | 30 |
| Gryphon Aviary | 2 | 280 | / | 300 |
| Keep | 1 | 320 | / | 210 |
| Castle | 1 | 360 | / | 210 |
| total: | 22 | 2165g | / | 985w |
| 0:06 | Peasant |
| 0:06 | Peasant |
| 0:06 | Peasant |
| 0:06 | Peasant |
| 0:07 | Peasant |
| 0:24 | Blacksmith |
| 0:38 | Barracks |
| 1:01 | Farm |
| 1:15 | Peasant |
| 1:34 | Lumber Mill |
| 1:41 | Scout Tower |
| 1:52 | Farm |
| 2:01 | Rifleman |
| 2:14 | Rifleman |
| 2:25 | Peasant |
| 2:29 | Rifleman |
| 2:43 | Farm |
| 2:47 | Improved Lumber Harvesting |
| 2:56 | Altar of Kings |
| 3:07 | Peasant |
| 3:16 | Rifleman |
| 3:23 | Guard Tower |
| 3:35 | Farm |
| 3:53 | Rifleman |
| 4:16 | Rifleman |
| 4:25 | Farm |
| 5:10 | Holy Light |
| 5:30 | Town Hall |
| 5:34 | Peasant |
| 5:35 | Peasant |
| 5:35 | Peasant |
| 5:50 | Scout Tower |
| 5:51 | Scout Tower |
| 6:12 | Farm |
| 6:26 | Farm |
| 6:34 | Scout Tower |
| 6:35 | Scout Tower |
| 6:42 | Scout Tower |
| 6:43 | Scout Tower |
| 6:45 | Guard Tower |
| 6:47 | Rifleman |
| 6:48 | Rifleman |
| 6:52 | Divine Shield |
| 7:15 | Guard Tower |
| 7:20 | Guard Tower |
| 7:25 | Guard Tower |
| 7:58 | Guard Tower |
| 8:23 | Keep |
| 8:28 | Peasant |
| 8:28 | Peasant |
| 8:28 | Peasant |
| 9:12 | Holy Light |
| 9:30 | Rifleman |
| 9:31 | Rifleman |
| 10:49 | Rifleman |
| 10:49 | Rifleman |
| 10:49 | Rifleman |
| 10:51 | Castle |
| 11:06 | Rifleman |
| 11:10 | Advanced Lumber Harvesting |
| 11:16 | Arcane Vault |
| 11:26 | Gryphon Aviary |
| 11:27 | Gryphon Aviary |
| 11:51 | Improved Masonry |
| 13:28 | Lesser Clarity Potion |
| 13:28 | Potion of Mana |
| 13:33 | Scroll of Regeneration |
| 13:35 | Scroll of Town Portal |
| 13:36 | Orb of Fire |
| 13:40 | Knight |
| 13:40 | Knight |
| 13:43 | Gryphon Rider |
| 13:43 | Gryphon Rider |
| 13:43 | Gryphon Rider |
| 14:21 | Divine Shield |
| 15:13 | Potion of Healing |
| 15:17 | Potion of Mana |
| 16:06 | Gryphon Rider |
| 16:28 | Scroll of Town Portal |
| 16:30 | Scroll of Town Portal |
| 16:30 | Potion of Healing |
| Right click | 344 |
| Select | 194 |
| Select group | 183 |
| Build/train/purchase | 71 |
| Use ability | 21 |
| Assign group | 15 |
| Resource trade | 12 |
| Misc. action | 2 |
| Item give/drop | 1 |


| Scroll of Town Portal | 1 | 350 |
| total: | 1 | 350g |
| Wisp | 19 | 1140 | / | 0 |
| Archer | 26 | 3380 | / | 260 |
| Druid of the Talon | 6 | 870 | / | 120 |
| Chimaera | 5 | 1650 | / | 350 |
| Faerie Dragon | 4 | 620 | / | 100 |
| total: | 60 | 7660g | / | 830w |
| Ancient of War | 1 | 150 | / | 60 |
| Moon Well | 8 | 1440 | / | 320 |
| Altar of Elders | 1 | 180 | / | 50 |
| Tree of Life | 1 | 340 | / | 185 |
| Ancient of Wonders | 1 | 90 | / | 30 |
| Hunter's Hall | 1 | 210 | / | 100 |
| Ancient of Wind | 2 | 300 | / | 280 |
| Chimaera Roost | 3 | 420 | / | 570 |
| Tree of Ages | 1 | 320 | / | 180 |
| Tree of Eternity | 1 | 330 | / | 200 |
| total: | 18 | 3130g | / | 1595w |
| 0:03 | Wisp |
| 0:03 | Wisp |
| 0:18 | Ancient of War |
| 0:22 | Wisp |
| 0:32 | Moon Well |
| 0:33 | Moon Well |
| 0:38 | Wisp |
| 0:50 | Wisp |
| 1:06 | Altar of Elders |
| 1:25 | Archer |
| 1:25 | Archer |
| 1:25 | Archer |
| 1:25 | Archer |
| 1:34 | Archer |
| 1:37 | Wisp |
| 1:55 | Moon Well |
| 2:06 | Archer |
| 2:06 | Archer |
| 2:06 | Archer |
| 2:20 | Archer |
| 2:32 | Breath of Fire |
| 2:34 | Archer |
| 2:45 | Wisp |
| 2:45 | Wisp |
| 2:55 | Archer |
| 3:13 | Archer |
| 3:28 | Wisp |
| 3:40 | Drunken Haze |
| 3:50 | Archer |
| 3:50 | Archer |
| 4:10 | Tree of Life |
| 4:21 | Archer |
| 4:30 | Ancient of Wonders |
| 4:53 | Moon Well |
| 5:23 | Tree of Ages |
| 5:29 | Breath of Fire |
| 5:55 | Hunter's Hall |
| 7:11 | Strength of the Moon |
| 7:44 | Archer |
| 7:44 | Archer |
| 8:02 | Archer |
| 8:02 | Archer |
| 8:17 | Archer |
| 8:23 | Wisp |
| 8:23 | Wisp |
| 8:24 | Wisp |
| 8:24 | Wisp |
| 8:24 | Wisp |
| 8:31 | Ancient of Wind |
| 8:35 | Ancient of Wind |
| 8:39 | Improved Bows |
| 8:57 | Archer |
| 9:01 | Wisp |
| 9:14 | Archer |
| 9:15 | Archer |
| 10:34 | Drunken Haze |
| 10:51 | Tree of Eternity |
| 11:10 | Moon Well |
| 11:11 | Moon Well |
| 11:12 | Moon Well |
| 11:13 | Moon Well |
| 11:21 | Druid of the Talon Adept Training |
| 11:28 | Trueshot Aura |
| 11:31 | Druid of the Talon |
| 11:31 | Druid of the Talon |
| 11:42 | Wisp |
| 11:43 | Wisp |
| 11:43 | Wisp |
| 12:04 | Wisp |
| 12:22 | Archer |
| 12:23 | Archer |
| 12:38 | Druid of the Talon |
| 12:39 | Druid of the Talon |
| 12:41 | Archer |
| 12:59 | Scroll of Town Portal |
| 13:17 | Chimaera Roost |
| 13:19 | Chimaera Roost |
| 13:43 | Druid of the Talon |
| 14:16 | Chimaera Roost |
| 15:11 | Chimaera |
| 15:12 | Chimaera |
| 15:40 | Faerie Dragon |
| 15:40 | Faerie Dragon |
| 15:40 | Faerie Dragon |
| 16:24 | Chimaera |
| 16:38 | Faerie Dragon |
| 16:53 | Ultravision |
| 16:59 | Chimaera |
| 17:00 | Chimaera |
| 17:35 | Druid of the Talon |
| 17:52 | Corrosive Breath |
| Select group | 496 |
| Right click | 415 |
| Select | 235 |
| Build/train/purchase | 85 |
| Assign group | 26 |
| Use ability | 24 |
| Resource trade | 14 |
| Remove unit | 3 |
| Item give/drop | 1 |
| Minimap ping | 1 |
112 units @ 14.3k
/ 1.8k
108 buildings @ 14.3k
/ 6.7k



| Scroll of Regeneration | 3 | 300 |
| Lesser Clarity Potion | 2 | 140 |
| Staff of Sanctuary | 1 | 250 |
| Scroll of Town Portal | 1 | 350 |
| Scroll of Healing | 1 | 250 |
| Potion of Lesser Invulnerability | 1 | 150 |
| total: | 9 | 1440g |
| Peasant | 15 | 1125 | / | 0 |
| Footman | 8 | 1080 | / | 0 |
| Rifleman | 8 | 1640 | / | 240 |
| Priest | 4 | 540 | / | 40 |
| Mortar Team | 4 | 720 | / | 280 |
| Flying Machine | 6 | 600 | / | 180 |
| total: | 45 | 5705g | / | 740w |
| Scout Tower | 9 | 270 | / | 180 |
| Arcane Tower | 4 | 280 | / | 200 |
| Guard Tower | 2 | 140 | / | 100 |
| Altar of Kings | 2 | 360 | / | 100 |
| Farm | 11 | 880 | / | 220 |
| Barracks | 1 | 160 | / | 60 |
| Town Hall | 1 | 385 | / | 205 |
| Arcane Vault | 1 | 130 | / | 30 |
| Lumber Mill | 1 | 120 | / | 0 |
| Blacksmith | 1 | 140 | / | 60 |
| Arcane Sanctum | 2 | 300 | / | 280 |
| Workshop | 2 | 280 | / | 280 |
| Keep | 2 | 640 | / | 420 |
| Castle | 2 | 720 | / | 420 |
| total: | 31 | 3025g | / | 1415w |
| 0:02 | Peasant |
| 0:02 | Peasant |
| 0:06 | Altar of Kings |
| 0:08 | Altar of Kings |
| 0:18 | Farm |
| 0:19 | Barracks |
| 0:22 | Peasant |
| 0:37 | Peasant |
| 0:48 | Peasant |
| 0:56 | Farm |
| 0:59 | Farm |
| 1:01 | Peasant |
| 1:21 | Footman |
| 1:35 | Peasant |
| 1:37 | Footman |
| 1:42 | Farm |
| 1:47 | Peasant |
| 2:01 | Footman |
| 2:08 | Summon Water Elemental |
| 2:22 | Peasant |
| 2:23 | Footman |
| 2:34 | Farm |
| 2:49 | Peasant |
| 2:55 | Footman |
| 3:10 | Brilliance Aura |
| 3:16 | Peasant |
| 3:19 | Footman |
| 3:32 | Peasant |
| 4:15 | Town Hall |
| 4:38 | Summon Water Elemental |
| 4:40 | Peasant |
| 4:43 | Arcane Vault |
| 4:59 | Lumber Mill |
| 5:10 | Peasant |
| 5:14 | Scout Tower |
| 5:30 | Keep |
| 5:34 | Peasant |
| 5:41 | Scout Tower |
| 5:42 | Arcane Tower |
| 5:45 | Defend |
| 5:51 | Scroll of Regeneration |
| 5:53 | Lesser Clarity Potion |
| 5:59 | Scout Tower |
| 6:00 | Improved Lumber Harvesting |
| 6:00 | Advanced Lumber Harvesting |
| 6:09 | Guard Tower |
| 6:12 | Blacksmith |
| 7:07 | Footman |
| 7:07 | Footman |
| 7:47 | Arcane Tower |
| 8:01 | Brilliance Aura |
| 8:19 | Arcane Sanctum |
| 8:34 | Arcane Sanctum |
| 8:41 | Scroll of Regeneration |
| 8:42 | Lesser Clarity Potion |
| 8:43 | Scroll of Town Portal |
| 8:47 | Scroll of Regeneration |
| 8:49 | Workshop |
| 8:59 | Rifleman |
| 9:08 | Castle |
| 9:11 | Farm |
| 9:12 | Farm |
| 9:21 | Storm Bolt |
| 9:42 | Priest |
| 9:42 | Priest Adept Training |
| 9:42 | Priest Master Training |
| 9:48 | Farm |
| 9:49 | Farm |
| 10:01 | Mortar Team |
| 10:02 | Black Gunpowder |
| 10:02 | Refined Gunpowder |
| 10:03 | Farm |
| 10:28 | Rifleman |
| 10:29 | Long Rifles |
| 10:30 | Priest |
| 10:31 | Farm |
| 11:02 | Rifleman |
| 11:16 | Bash |
| 11:22 | Mortar Team |
| 11:23 | Priest |
| 11:38 | Fragmentation Shards |
| 12:00 | Rifleman |
| 12:18 | Flare |
| 12:26 | Rifleman |
| 12:27 | Imbued Gunpowder |
| 12:27 | Studded Leather Armor |
| 12:28 | Reinforced Leather Armor |
| 12:32 | Scroll of Healing |
| 12:32 | Potion of Lesser Invulnerability |
| 12:36 | Summon Water Elemental |
| 12:40 | Holy Light |
| 12:46 | Staff of Sanctuary |
| 13:03 | Rifleman |
| 13:07 | Mortar Team |
| 13:45 | Mortar Team |
| 14:23 | Storm Bolt |
| 14:42 | Rifleman |
| 14:58 | Devotion Aura |
| 15:03 | Priest |
| 16:00 | Rifleman |
| 16:09 | Bash |
| 16:26 | Dragonhide Armor |
| 16:39 | Holy Light |
| 17:30 | Improved Masonry |
| 17:30 | Advanced Masonry |
| 17:53 | Mass Teleport |
| 17:57 | Scout Tower |
| 17:58 | Scout Tower |
| 17:58 | Scout Tower |
| 17:59 | Scout Tower |
| 18:00 | Scout Tower |
| 18:00 | Scout Tower |
| 18:13 | Flying Machine |
| 18:13 | Flying Machine |
| 18:14 | Flying Machine |
| 18:15 | Flak Cannons |
| 18:15 | Workshop |
| 18:44 | Flying Machine |
| 18:44 | Flying Machine |
| 18:44 | Flying Machine |
| 19:05 | Devotion Aura |
| 19:05 | Devotion Aura |
| 19:15 | Storm Bolt |
| Select group | 2176 |
| Right click | 932 |
| Select | 794 |
| Misc. action | 384 |
| Build/train/purchase | 258 |
| Use ability | 90 |
| Assign group | 56 |
| Chat | 34 |
| Resource trade | 16 |
| Minimap ping | 5 |
| Item give/drop | 1 |

| Healing Salve | 3 | 300 |
| Lesser Clarity Potion | 8 | 560 |
| Scroll of Speed | 2 | 100 |
| Potion of Healing | 1 | 150 |
| Orb of Lightning | 1 | 375 |
| Scroll of Town Portal | 1 | 350 |
| Boots of Speed | 1 | 250 |
| Potion of Invisibility | 1 | 100 |
| total: | 18 | 2185g |
| Peon | 21 | 1575 | / | 0 |
| Troll Batrider | 13 | 2080 | / | 520 |
| Gnoll Warden | 2 | 430 | / | 40 |
| Gnoll Brute | 1 | 215 | / | 20 |
| Ogre Magi | 1 | 320 | / | 50 |
| total: | 38 | 4620g | / | 630w |
| Watch Tower | 26 | 2860 | / | 2080 |
| Altar of Storms | 1 | 180 | / | 50 |
| Orc Burrow | 5 | 800 | / | 200 |
| Voodoo Lounge | 1 | 130 | / | 30 |
| War Mill | 11 | 2255 | / | 0 |
| Barracks | 1 | 180 | / | 50 |
| Great Hall | 1 | 385 | / | 185 |
| Beastiary | 4 | 580 | / | 560 |
| Stronghold | 1 | 315 | / | 190 |
| Fortress | 1 | 325 | / | 190 |
| total: | 50 | 7370g | / | 3155w |
| 0:34 | Peon |
| 0:34 | Peon |
| 0:39 | Altar of Storms |
| 0:40 | Orc Burrow |
| 1:15 | Peon |
| 1:20 | Voodoo Lounge |
| 1:38 | Peon |
| 1:58 | War Mill |
| 2:00 | Peon |
| 2:44 | Serpent Ward |
| 2:48 | Peon |
| 2:53 | Orc Burrow |
| 3:16 | Watch Tower |
| 3:19 | Peon |
| 3:19 | Peon |
| 3:19 | Peon |
| 4:12 | Watch Tower |
| 4:24 | Healing Salve |
| 4:24 | Lesser Clarity Potion |
| 4:24 | Scroll of Speed |
| 4:33 | Watch Tower |
| 4:42 | Watch Tower |
| 4:48 | Lesser Clarity Potion |
| 4:49 | Peon |
| 4:50 | Peon |
| 4:50 | Peon |
| 4:50 | Peon |
| 5:35 | Gnoll Warden |
| 5:56 | Stronghold |
| 6:07 | Hex |
| 6:22 | Watch Tower |
| 6:23 | Watch Tower |
| 6:25 | Gnoll Brute |
| 6:53 | Watch Tower |
| 8:01 | Barracks |
| 8:11 | Watch Tower |
| 8:29 | Beastiary |
| 8:33 | Reinforced Defenses |
| 8:37 | Beastiary |
| 8:41 | Watch Tower |
| 8:44 | Watch Tower |
| 8:49 | Watch Tower |
| 8:51 | Peon |
| 8:52 | Peon |
| 8:52 | Peon |
| 8:52 | Peon |
| 8:55 | Orc Burrow |
| 9:11 | Lesser Clarity Potion |
| 9:12 | Healing Salve |
| 9:14 | Potion of Healing |
| 9:14 | Lesser Clarity Potion |
| 9:22 | Watch Tower |
| 9:40 | Gnoll Warden |
| 9:43 | Ogre Magi |
| 10:52 | Serpent Ward |
| 11:33 | Troll Batrider |
| 11:33 | Troll Batrider |
| 11:34 | Troll Batrider |
| 11:34 | Troll Batrider |
| 12:20 | Great Hall |
| 12:25 | Watch Tower |
| 12:26 | Watch Tower |
| 12:27 | Watch Tower |
| 12:29 | Watch Tower |
| 12:47 | Lesser Clarity Potion |
| 12:58 | Fortress |
| 13:04 | Troll Batrider |
| 13:11 | Lesser Clarity Potion |
| 13:15 | Scroll of Speed |
| 13:23 | Orc Burrow |
| 13:27 | Watch Tower |
| 13:44 | Boots of Speed |
| 13:49 | Potion of Invisibility |
| 13:58 | Steel Ranged Weapons |
| 14:49 | Hex |
| 15:37 | Liquid Fire |
| 15:37 | Troll Batrider |
| 15:40 | Steel Armor |
| 15:44 | Beastiary |
| 16:30 | Troll Regeneration |
| 16:33 | Troll Batrider |
| 16:43 | Watch Tower |
| 17:01 | Peon |
| 17:02 | Peon |
| 17:02 | Peon |
| 17:03 | Peon |
| 17:09 | Troll Batrider |
| 17:33 | Orc Burrow |
| 18:11 | Thorium Ranged Weapons |
| 19:03 | Serpent Ward |
| 20:00 | Watch Tower |
| 20:02 | Watch Tower |
| 20:03 | Watch Tower |
| 20:04 | Watch Tower |
| 20:05 | Watch Tower |
| 20:06 | Watch Tower |
| 20:07 | Watch Tower |
| 20:19 | War Mill |
| 20:21 | War Mill |
| 20:22 | War Mill |
| 20:23 | War Mill |
| 20:24 | War Mill |
| 20:25 | War Mill |
| 20:26 | War Mill |
| 20:27 | War Mill |
| 20:30 | War Mill |
| 20:33 | War Mill |
| 20:45 | Troll Batrider |
| 20:47 | Troll Batrider |
| 20:48 | Troll Batrider |
| 21:56 | Troll Batrider |
| 22:04 | Beastiary |
| 22:11 | Watch Tower |
| 22:18 | Troll Batrider |
| 24:25 | Spiked Barricades |
| 25:19 | Healing Salve |
| 25:19 | Lesser Clarity Potion |
| 25:23 | Lesser Clarity Potion |
| 25:23 | Orb of Lightning |
| 25:24 | Scroll of Town Portal |
| Right click | 915 |
| Select | 358 |
| Use ability | 104 |
| Build/train/purchase | 88 |
| Select group | 59 |
| Chat | 32 |
| Assign group | 20 |
| Resource trade | 10 |
| Esc | 5 |
| Misc. action | 3 |
| Minimap ping | 3 |
| Item give/drop | 2 |
| Remove unit | 1 |

| Healing Salve | 2 | 200 |
| Potion of Healing | 5 | 750 |
| Potion of Mana | 4 | 800 |
| Scroll of Town Portal | 1 | 350 |
| total: | 12 | 2100g |
| Peon | 13 | 975 | / | 0 |
| Troll Headhunter | 5 | 700 | / | 100 |
| Wind Rider | 6 | 1590 | / | 240 |
| Shaman | 3 | 390 | / | 60 |
| Troll Witch Doctor | 2 | 290 | / | 50 |
| total: | 29 | 3945g | / | 450w |
| Watch Tower | 13 | 1430 | / | 1040 |
| Orc Burrow | 5 | 800 | / | 200 |
| War Mill | 1 | 205 | / | 0 |
| Barracks | 1 | 180 | / | 50 |
| Altar of Storms | 1 | 180 | / | 50 |
| Great Hall | 1 | 385 | / | 185 |
| Voodoo Lounge | 1 | 130 | / | 30 |
| Spirit Lodge | 2 | 300 | / | 300 |
| Beastiary | 2 | 290 | / | 280 |
| Stronghold | 1 | 315 | / | 190 |
| Fortress | 1 | 325 | / | 190 |
| total: | 27 | 3900g | / | 2135w |
| 0:03 | Peon |
| 0:03 | Peon |
| 0:26 | Peon |
| 0:29 | Orc Burrow |
| 0:38 | War Mill |
| 0:42 | Barracks |
| 0:55 | Altar of Storms |
| 1:15 | Peon |
| 1:15 | Peon |
| 2:03 | Orc Burrow |
| 2:06 | Troll Headhunter |
| 2:18 | Troll Headhunter |
| 2:22 | Peon |
| 2:22 | Peon |
| 2:59 | Troll Headhunter |
| 2:59 | Troll Headhunter |
| 3:04 | Orc Burrow |
| 3:08 | Feral Spirit |
| 3:31 | Troll Headhunter |
| 4:31 | Stronghold |
| 4:43 | Chain Lighting |
| 5:04 | Great Hall |
| 5:08 | Watch Tower |
| 5:11 | Watch Tower |
| 5:26 | Voodoo Lounge |
| 6:08 | Watch Tower |
| 6:12 | Watch Tower |
| 6:45 | Orc Burrow |
| 6:54 | Peon |
| 6:54 | Peon |
| 6:54 | Peon |
| 7:18 | Healing Salve |
| 7:19 | Potion of Healing |
| 7:35 | Spiked Barricades |
| 7:46 | Peon |
| 7:47 | Peon |
| 7:48 | Peon |
| 8:23 | Feral Spirit |
| 9:02 | Fortress |
| 9:05 | Spirit Lodge |
| 9:07 | Spirit Lodge |
| 9:53 | Chain Lighting |
| 10:21 | Shaman Adept Training |
| 10:21 | Witch Doctor Adept Training |
| 11:01 | Beastiary |
| 11:03 | Beastiary |
| 11:08 | Potion of Mana |
| 12:13 | Watch Tower |
| 12:17 | Watch Tower |
| 12:24 | Watch Tower |
| 12:27 | Shaman Master Training |
| 12:27 | Witch Doctor Master Training |
| 12:49 | Wind Rider |
| 12:50 | Wind Rider |
| 12:51 | Wind Rider |
| 12:54 | Steel Ranged Weapons |
| 12:54 | Steel Armor |
| 13:11 | Watch Tower |
| 13:32 | Shaman |
| 13:33 | Shaman |
| 13:33 | Troll Witch Doctor |
| 13:49 | Watch Tower |
| 13:58 | Orc Burrow |
| 14:03 | Potion of Mana |
| 14:24 | Potion of Healing |
| 14:39 | Potion of Healing |
| 14:44 | Potion of Healing |
| 14:44 | Potion of Mana |
| 15:10 | Healing Salve |
| 15:54 | Watch Tower |
| 15:57 | Watch Tower |
| 15:59 | Watch Tower |
| 16:01 | Watch Tower |
| 16:20 | Wind Rider |
| 16:21 | Wind Rider |
| 16:56 | Troll Witch Doctor |
| 16:57 | Shaman |
| 17:35 | Thorium Ranged Weapons |
| 17:49 | Wind Rider |
| 17:51 | Scroll of Town Portal |
| 17:52 | Potion of Healing |
| 17:52 | Potion of Mana |
| 18:49 | Chain Lighting |
| Right click | 598 |
| Select | 338 |
| Chat | 83 |
| Build/train/purchase | 82 |
| Use ability | 26 |
| Resource trade | 9 |
| Minimap ping | 6 |
| Misc. action | 1 |
| Item give/drop | 1 |
⇛